 Dungeon Crawl Stone Soup version 0.29-a0-218-gf2abdc9806 (webtiles) character file.

Game seed: 4942298965961427199

78 Ordine the Conjurer (level 4, -1/25 HPs)
             Began as a Deep Elf Conjurer on Feb 25, 2022.
             Slain by Crazy Yiuf
             ... wielding a +4 quarterstaff of chaos
              (7 damage)
             ... on level 3 of the Dungeon.
             The game lasted 00:05:42 (2709 turns).

Ordine the Conjurer (Deep Elf Conjurer)             Turns: 2709, Time: 00:05:42

Health: -1/25      AC:  2    Str:  4    XL:     4   Next: 15%
Magic:  13/20      EV: 13    Int: 25    God:
Gold:   144        SH:  0    Dex: 13    Spells: 7/10 levels left

rFire   . . .      SeeInvis .   (no weapon)
rCold   . . .      Faith    .   (no shield)
rNeg    . . .      Spirit   .   a - +0 robe
rPois   .          Reflect  .   (no helmet)
rElec   .          Harm     .   (no cloak)
rCorr   .          Rampage  .   (no gloves)
Will    .....                   (no boots)
Stlth   ++........              (no amulet)
HPRegen 0.08/turn               j - ring of magical power
MPRegen 0.17/turn               (no ring)

@: no status effects
A: no striking features
a: no special abilities


You were on level 3 of the Dungeon.
You visited 1 branch of the dungeon, and saw 3 of its levels.

You collected 144 gold pieces.

Inventory:

Armour
 a - a +0 robe (worn)
Jewellery
 j - a ring of magical power (left hand)
Scrolls
 b - 4 scrolls of teleportation {unknown}
 d - a scroll of noise {unknown}
 e - a scroll of fog {unknown}
 f - 3 scrolls of amnesia {unknown}
 g - a scroll of magic mapping {unknown}
 k - 2 scrolls of immolation {unknown}
 n - a scroll of fear {unknown}
Potions
 c - a potion of berserk rage {unknown}
 h - 4 potions of curing {unknown}
 i - a potion of degeneration {unknown}
 l - a potion of magic {unknown}
 m - 2 potions of lignification {unknown}


   Skills:
 + Level 1.2 Fighting
 + Level 3.2 Dodging
 + Level 3.3 Stealth
 + Level 3.8 Spellcasting
 + Level 4.8 Conjurations


You had 7 spell levels left.
You knew the following spells:

 Your Spells              Type           Power      Damage    Failure   Level
a - Magic Dart            Conj           100%       1d8       1%          1
b - Searing Ray           Conj           56%        2d6       1%          2

Your spell library contained the following spells:

 Spells                   Type           Power      Damage    Failure   Level
 Dazzling Flash           Conj/Hex       32%        N/A       11%         3
 Summon Guardian Golem    Hex/Summ       4%         N/A       28%         3
 Fulminant Prism          Conj/Hex       8%         3d7       34%         4
 Iskenderun's Mystic Bla  Conj/Tloc      16%        2d5       34%         4
 Orb of Destruction       Conj           14%        9d7       100%        7
 Spellforged Servitor     Conj/Summ      8%         N/A       100%        7


Dungeon Overview and Level Annotations

Branches:
Dungeon (3/15)

Altars:

Shops:
D:1 *

Annotations:
D:3 Crazy Yiuf


Message History

You feel clever.
Items here: )) [[ ††.
Okay, then.
Things that are here:
a +0 whip; an orc corpse
Found a stone staircase leading down.
Found a leather armour.
h - 4 blue potions (gained 1)
Found a chain mail.
Found a mace.
Found a runed translucent door.
You open the door.
Casting: Magic Dart (safe; 1% risk of failure)
Confirm with . or Enter, or press ? or * to list all spells.
Aiming: Searing Ray (safe; 1% risk of failure)
Press: ? - help, Shift-Dir - straight line, f - Crazy Yiuf
Aim: Crazy Yiuf, wielding a +4 quarterstaff of chaos and wearing a +0 cloak (asleep, 100% to hit)
The searing ray hits Crazy Yiuf.
Crazy Yiuf is lightly wounded.
Crazy Yiuf shouts! (Press . to maintain the ray.)
The searing ray hits Crazy Yiuf.
Crazy Yiuf is moderately wounded.
The searing ray hits Crazy Yiuf!
Crazy Yiuf is severely wounded.
The searing ray hits Crazy Yiuf.
Crazy Yiuf is severely wounded.
You finish channelling your searing ray.
Crazy Yiuf hits you with a +4 quarterstaff of chaos!
You are electrocuted!
* * * LOW HITPOINT WARNING * * *
Casting: Searing Ray (safe; 1% risk of failure)
Confirm with . or Enter, or press ? or * to list all spells.
Aiming: Searing Ray (safe; 1% risk of failure)
Press: ? - help, Shift-Dir - straight line, f/p - Crazy Yiuf
Aim: Crazy Yiuf, wielding a +4 quarterstaff of chaos and wearing a +0 cloak (severely wounded, 82% to hit)
The searing ray hits Crazy Yiuf.
Crazy Yiuf is almost dead. (Press . to maintain the ray.) Crazy Yiuf hits you with a +4 quarterstaff of chaos!
You die...

#### #....<....#
##...###.# #
#.##.##.#.#
#.....# # #
#......# ##...##
# ######## #####
# #### # ...## #
###.# ### ######
# ..#.# #)..###
##....## # #.#.#
#...g@####......#
### ...##
#...##..#.......#
##.# ..########
###
###.#......###...
.........#
#######.+......
######.###
#[####...
#.#.####
######### ##.#
#.#.##.# #.....#
### #......#
##...## ###.####
##'## #


You could see Crazy Yiuf.

Vanquished Creatures
  An orc wizard (D:3)
  A worm (D:2)
  2 dart slugs
  3 orcs (D:3)
  5 ball pythons
  7 endoplasms
  A giant cockroach (D:2)
  4 goblins
  2 hobgoblins
  A quokka (D:3)
  5 bats
  4 frilled lizards
  5 kobolds
  2 rats
43 creatures vanquished.

Notes
Turn   | Place    | Note
-------+----------+-------------------------------------------
     0 | D:1      | Ordine the Deep Elf Conjurer began the quest for the Orb.
     0 | D:1      | Reached XP level 1. HP: 10/10 MP: 6/6
    98 | D:1      | Found Xudimist's Assorted Antiques.
   124 | D:1      | Found a faded altar of an unknown god.
   327 | D:1      | Reached XP level 2. HP: 15/15 MP: 6/8
   330 | D:1      | Learned a level 2 spell: Searing Ray
  1011 | D:2      | Reached XP level 3. HP: 15/20 MP: 9/9
  2250 | D:3      | Reached skill level 1 in Fighting
  2507 | D:3      | Reached XP level 4. HP: 11/25 MP: 10/11
  2700 | D:3      | Found a runed translucent door.
  2701 | D:3      | Noticed Crazy Yiuf
  2709 | D:3      | Slain by Crazy Yiuf

Illustrated notes

Levels and vault maps discovered:
D:1:      co_arrival_square_in_a_square_in_a_square, layout_loops_ring,
          serial_shops, shop, ebering_ecumenical_altar_abandoned,
          corexii_leaking_fountain, item_on_display_a
D:2:      layout_loops_ring
D:3:      wander_river, layout_loops_corners,
          mainiacjoe_overflow_six_doors_small, uniq_crazy_yiuf_cottage

Skill      XL: |  1  2  3 |
---------------+----------+-----
Stealth        | 3 |  3.3
Dodging        | 3 |  3.2
Fighting       | 1 |  1.2
Spellcasting   | |  3.8
Conjurations   | |  4.8

Action                   |  1- 3 |  4- 6 || total
-------------------------+-------+-------++-------
Melee: Unarmed           |     1 |       ||     1
 Cast: Magic Dart        |    81 |       ||    81
       Searing Ray       |     1 |     2 ||     3
Armor: Robe              |     1 |       ||     1
Dodge: Dodged            |     3 |       ||     3

Table legend: (Time is in decaauts)
 A = Elapsed time spent in this place.
 B = Non-inter-level travel time spent in this place.
 C = Inter-level travel time spent in this place.
 D = Time resting spent in this place.
 E = Time spent auto-exploring this place.
 F = Levels seen in this place.
 G = Mean time per level.
                   A        B        C        D        E       F      G
               +--------+--------+--------+--------+--------+-----+--------+
         Total |   2726 |   2680 |     46 |      0 |   2481 |   3 |  908.7 |
       Dungeon |   2726 |   2680 |     46 |      0 |   2481 |   3 |  908.7 |
               +--------+--------+--------+--------+--------+-----+--------+

Top non-repeatable levels by time:
     D:1: 938 daAuts
     D:2: 924 daAuts
     D:3: 863 daAuts
